 Dungeon Crawl Stone Soup version 0.17-a0-1691-g18a3847 (webtiles) character file.

318 Gorice the Conjurer (level 6, -5/36 HPs)
             Began as an Octopode Fire Elementalist on Aug 20, 2015.
             Was an Initiate of Sif Muna.
             Slain by an orc
             ... wielding a +0 trident
              (7 damage)
             ... on level 3 of the Dungeon.
             The game lasted 00:27:05 (4679 turns).

Gorice the Conjurer (Octopode Fire Elementalist)    Turns: 4679, Time: 00:27:05

Health: -5/36      AC:  1    Str:  7    XL:     6   Next: 45%
Magic:  6/11       EV: 12    Int: 19    God:    Sif Muna [......]
Gold:   215        SH:  0    Dex: 13    Spells: 3 memorised, 5 levels left

rFire  . . .     SeeInvis .     a - +1 spear (freeze)
rCold  . . .     Clarity  +     (no shield)
rNeg   . . .     SustAt   .     (helmet restricted)
rPois  .         Gourm    .     w - amulet of clarity
rElec  .         Spirit   .     (no ring)
rCorr  .         Warding  .     (no ring)
rMut   .         Stasis   .     (no ring)
MR     .....                    (no ring)
Stlth  +++.......               (no ring)
                                (no ring)
                                (no ring)
                                (no ring)

@: not resistant to hostile enchantments, fairly stealthy
A: almost no armour, amphibious, 8 rings, constrict 8, camouflage 1, gelatinous
body 1
a: Renounce Religion


You were on level 3 of the Dungeon.
You worshipped Sif Muna.
Sif Muna was noncommittal.
You were not hungry.

You visited 1 branch of the dungeon, and saw 4 of its levels.

You collected 215 gold pieces.

Inventory:

Hand weapons
 a - a +1 spear of freezing (weapon)
   (You found it on level 3 of the Dungeon)
 h - a +0 hand axe
 i - a +0 short sword
 k - a +0 mace
 u - a +0 whip
 v - a +0 war axe
 A - a +2 dagger of freezing
   (You found it on level 4 of the Dungeon)
Missiles
 x - 13 poisoned needles
 Z - 106 stones (quivered)
Jewellery
 w - an amulet of clarity (around mantle)
Scrolls
 c - 3 scrolls of fog {unknown}
 y - a scroll of enchant weapon {unknown}
Potions
 e - 2 potions of magic {!q}
 l - 2 potions of lignification {unknown}
 m - 4 potions of flight
 n - a potion of heal wounds {unknown}
 p - 3 potions of curing {unknown}
 r - a potion of haste {unknown}
 s - a potion of resistance {unknown}
 t - 3 potions of ambrosia {unknown}
Books
 f - a book of Flames
Comestibles
 b - a bread ration {!e}
 d - 3 beef jerkies
 g - 4 fruits
 j - 3 meat rations {!e}
 o - a slice of pizza
 q - a royal jelly


   Skills:
 - Level 2.0 Dodging
 - Level 2.6 Stealth
 + Level 3.3 Spellcasting
 * Level 4.5 Conjurations
 * Level 4.3 Fire Magic


You had 5 spell levels left.
You knew the following spells:

 Your Spells              Type           Power        Failure   Level  Hunger
a - Flame Tongue          Conj/Fire      ###..        2%          1    None
b - Throw Flame           Conj/Fire      ###...       4%          2    ##.....
c - Conjure Flame         Conj/Fire      ###.....     10%         3    ###....


Dungeon Overview and Level Annotations

Branches:
Dungeon (4/15)             Temple (0/1) D:4

Altars:
Dithmenos
Gozag
Nemelex Xobeh
Okawaru
Qazlal
Ru
Sif Muna
Vehumet
Zin

Annotations:
D:3 pUX: siggers!, Sigmund
D:4 Blork the orc


Innate Abilities, Weirdness & Mutations

You cannot wear most types of armour.
You are amphibious.
You can wear up to eight rings at the same time.
You can use your tentacles to constrict eight enemies at once.
Your skin changes colour to match your surroundings (Stealth).
Your rubbery body absorbs attacks (AC +1).


Message History

Aiming: Conjure Flame
Press: ? - help, Dir - move target cursor You miscast Conjure Flame.
You are very lightly contaminated with residual magic.
Sparks fly from your tentacles!
Casting: Conjure Flame
Confirm with . or Enter, or press ? or * to list all spells.
Aiming: Conjure Flame
Press: ? - help, Dir - move target cursor The fire roars!
Blork the orc hits you from afar with a halberd of chopping!
Damage: 9 (max 9) Attack whom?
Press: ? - help, Dir - move target cursor, f - Blork the orc
Aim: Blork the orc, wielding a halberd of chopping and wearing a robe You reach to attack!
You barely miss Blork the orc. Blork the orc closely misses you.
Attack whom?
Press: ? - help, Dir - move target cursor, f/p - Blork the orc
Aim: Blork the orc, wielding a halberd of chopping and wearing a robe You reach to attack!
You hit Blork the orc. You freeze Blork the orc.
Blork the orc is lightly wounded.
Blork the orc barely misses you.
Attack whom?
Press: ? - help, Dir - move target cursor, f/p - Blork the orc
Aim: Blork the orc, wielding a halberd of chopping and wearing a robe (lightly wounded)
You reach to attack!
You hit Blork the orc. You freeze Blork the orc.
Blork the orc is moderately wounded.
Blork the orc hits you from afar with a halberd of chopping!
* * * LOW HITPOINT WARNING * * *
Damage: 19 (max 19) Unknown command.
Your magical contamination has completely faded away.
There is a stone staircase leading up here.
Warning, next level annotated: pUX: siggers!, Sigmund Enter next level anyway?
You climb upwards.
The orc wizard shouts!
The orc wizard gestures at you while chanting.
You resist with some effort. The orc misses you.
There is a stone staircase leading down here.
The orc hits you from afar with a trident.
* * * LOW HITPOINT WARNING * * *
Damage: 3 (max 3)
The orc closely misses you.
The orc wizard gestures at you while chanting.
The magic dart hits you!
* * * LOW HITPOINT WARNING * * *
The orc hits you from afar with a trident!
You die...

####### ##.....##
##.......## #.........#
###### #......)..# #.8§§#
#.........# #.P§§#
#.........#
####§§P§########@.o.>....#
....§§.§§................#
...#.#§.§###.............#
...§...........#.........#
##...........#.........o.#
_#..###########............
##...# ###...........
#..#.# ##.....#..8. .#
#..#.############.....##...
..##


You could see an orc wizard and an orc.

Vanquished Creatures
  A scorpion (D:4)
  3 hounds
  A giant frog skeleton (D:4)
  5 adders
  An adder skeleton (D:3)
  An adder zombie (D:3)
  3 worms
  3 giant geckos
  9 orcs
  6 ball pythons
  6 giant cockroaches
  13 hobgoblins
  3 jackals (D:2)
  10 bats
  7 giant newts
  5 goblins
  A jackal skeleton (D:4)
  5 kobolds
  2 quokkas (D:2)
  10 rats
95 creatures vanquished.

Vanquished Creatures (others)
  A centaur skeleton (D:3)
  A bat (D:3)
  A giant newt (D:3)
  A jackal skeleton (D:3)
  4 toadstools (D:1)
8 creatures vanquished.

Grand Total: 103 creatures vanquished

Notes
Turn   | Place    | Note
--------------------------------------------------------------
     0 | D:1      | Gorice the Octopode Fire Elementalist began the quest for the Orb.
     0 | D:1      | Reached XP level 1. HP: 11/11 MP: 3/3
   361 | D:1      | Reached XP level 2. HP: 17/17 MP: 1/5
  1041 | D:1      | Reached XP level 3. HP: 21/21 MP: 4/6
  1193 | D:2      | Reached skill level 2 in Conjurations
  1729 | D:2      | Reached XP level 4. HP: 27/27 MP: 5/7
  2195 | D:2      | Found a sparkling altar of Nemelex Xobeh.
  2295 | D:2      | Learned a level 3 spell: Conjure Flame
  2386 | D:2      | Reached skill level 3 in Conjurations
  2572 | D:3      | Found a stormy altar of Qazlal.
  2757 | D:3      | Found an opulent altar of Gozag.
  2781 | D:3      | Noticed Sigmund
  2812 | D:2      | Reached XP level 5. HP: 19/31 MP: 6/9
  2952 | D:3      | Found a radiant altar of Vehumet.
  3603 | D:3      | HP: 8/31 [hound (5)]
  3604 | D:3      | Reached skill level 3 in Spellcasting
  3719 | D:3      | Found a deep blue altar of Sif Muna.
  3721 | D:3      | Found a shadowy altar of Dithmenos.
  3721 | D:3      | Found a glowing silver altar of Zin.
  3736 | D:3      | Found an iron altar of Okawaru.
  3738 | D:3      | Found a sacrificial altar of Ru.
  3754 | D:3      | Became a worshipper of Sif Muna the Loreminder
  3926 | D:3      | Learned a level 2 spell: Throw Flame
  4126 | D:4      | Found a staircase to the Ecumenical Temple.
  4156 | D:4      | Reached skill level 4 in Conjurations
  4156 | D:4      | Reached skill level 4 in Fire Magic
  4239 | D:4      | Reached XP level 6. HP: 36/36 MP: 6/10
  4641 | D:4      | Noticed Blork the orc
  4651 | D:4      | HP: 8/36 [Blork the orc/halberd of chopping (3)]
  4676 | D:3      | HP: 8/36 [orc/trident (3)]
  4679 | D:3      | HP: 2/36 [orc wizard/magic dart (6)]
  4679 | D:3      | Slain by an orc

Vault maps used:
D:1:      ldierk_walled_garden_2
D:2:      nemelex_deck, grunt_ministairs_14
D:3:      grunt_gozag_statues, minmay_overflow_temple_star_hex,
          lemuel_crystal_altar, fiery_altar_vehumet, serial_undead,
          serial_undead_a, serial_undead_e, serial_undead_d, serial_undead_d,
          uniq_sigmund
D:4:      minmay_temple_entry_glass, uniq_blork_the_orc

Action                   |  1- 3 |  4- 6 || total
-------------------------+-------+-------++-------
Melee: Unarmed           |     9 |       ||     9
       War axe           |       |     5 ||     5
       Spear             |       |    21 ||    21
Throw: Stone             |     2 |     4 ||     6
 Cast: Flame Tongue      |    79 |    95 ||   174
       Conjure Flame     |       |     7 ||     7
       Throw Flame       |       |     5 ||     5
  Use: Scroll            |     3 |     4 ||     7
 Stab: Sleeping          |     1 |       ||     1
  Eat: Chunk             |     3 |    10 ||    13

Table legend:
 A = Turns spent in this place as a percentage of turns spent in the entire game.
 B = Non-inter-level travel turns spent in this place as a percentage of non-inter-level travel turns spent in the entire game.
 C = Inter-level travel turns spent in this place as a percentage of turns spent in this place.
 D = Turns resting spent in this place as a percentage of non-inter-level travel turns spent in this place.
 E = Turns spent auto-exploring this place as a percentage of non-inter-level travel turns spent in this place.
 F = Non-inter-level travel turns spent in this place divided by the number of levels of this place that you've seen.
                   A       B       C       D       E      F
               +-------+-------+-------+-------+-------+----------------------
         Total | 100.0 | 100.0 |   0.3 |   6.1 |   4.5 | 439.5
       Dungeon | 100.0 | 100.0 |   0.3 |   6.1 |   4.5 | 439.5
               +-------+-------+-------+-------+-------+----------------------

Vault maps used:
D:1:      ldierk_walled_garden_2
D:2:      nemelex_deck, grunt_ministairs_14
D:3:      grunt_gozag_statues, minmay_overflow_temple_star_hex,
          lemuel_crystal_altar, fiery_altar_vehumet, serial_undead,
          serial_undead_a, serial_undead_e, serial_undead_d, serial_undead_d,
          uniq_sigmund
D:4:      minmay_temple_entry_glass, uniq_blork_the_orc
